 Dungeon Crawl Stone Soup version 0.31-a0-307-g8f428e2 (webtiles) character file.

Game seed: 11594064272714995149

16812187 Wizard1ke the Shapeless Djinni (level 27, 228/228 HPs)
             Began as a Djinni Shapeshifter on July 16, 2023.
             Was the Champion of Lugonu.
             Escaped with the Orb
             ... and 15 runes on July 17, 2023!
             The game lasted 04:23:44 (92340 turns).

Wizard1ke the Shapeless Djinni (DjSh)              Turns: 92340, Time: 04:23:44

Health: 228/228    AC: 18    Str: 30    XL:     27
Gold:   12053      EV: 53    Int: 14    God:    Lugonu [******] SH:  0 Dex: 14

rFire   + +          +
                       - Unarmed
rCold   + . .        (shield currently unavailable)
rNeg    + + +        (body armour currently unavailable)
rPois   ∞            (helmet currently unavailable)
rElec   +            (cloak currently unavailable)
rCorr   +            (gloves currently unavailable)
SInv    +            (boots unavailable)
Will    ++...        u - amulet of Iwkuner {rElec rN+++ Regen+ MP-9 Slay-5}
Stlth   +            r - ring of the Pharaoh's Fist {rF+ rC+ Str+6}
HPRegen 1.38/turn    h - ring "Cogihum" {rElec rF++ rCorr MP+9 SInv}
MPRegen 0.00/turn

%: no passive effects
@: storm-form, flying, studying 3 skills
A: cleaving, insubstantial, flying, sickness immunity, (fire resistance 2),
(cold vulnerability 1), float, innate caster, HP casting, extra vitality 1,
(iridescent scales 1), sense surroundings 1
0: Orb of Zot
}: 15/15 runes: decaying, slimy, silver, golden, iron, obsidian, icy, bone,
abyssal, demonic, glowing, magical, fiery, dark, gossamer
a: Blinkbolt, Begin Untransformation, Renounce Religion, Depart the Abyss,
Banish, Corrupt, Enter the Abyss, Brand Weapon With Distortion


You escaped.
You worshipped Lugonu.
Lugonu was exalted by your worship.
You were a lightning-filled tempest!
You visited 17 branches of the dungeon, and saw 86 of its levels.
You visited Pandemonium 1 time, and saw 13 of its levels.
You visited the Abyss 5 times.
You visited 1 bazaar.
You also visited: Sewer, Volcano and Desolation.

You collected 15631 gold pieces.
You spent 3578 gold pieces at shops.

Inventory:

Missiles
 J - 7 throwing nets
Jewellery
 h - the ring "Cogihum" (right fist) {rElec rF++ rCorr MP+9 SInv}
   (You took it off a tengu reaver on level 5 of the Vaults)

   [ring of resist corrosion]

   rF:        It greatly protects you from fire.
   rElec:     It insulates you from electricity.
   MP:        It affects your magic capacity (+9).
   SInv:      It lets you see invisible.
   rCorr:     It protects you from acid and corrosion.
 r - the ring of the Pharaoh's Fist (left fist) {rF+ rC+ Str+6}
   (You found it in the Desolation of Salt)

   [ring of protection from fire]

   Str:       It affects your strength (+6).
   rF:        It protects you from fire.
   rC:        It protects you from cold.
 u - the amulet of Iwkuner (around neck) {rElec rN+++ Regen+ MP-9 Slay-5}
   (You acquired it on level 1 of the Vaults)

   [amulet of regeneration]

   Slay:      It affects your accuracy & damage with ranged weapons and melee
   (-5).
   rElec:     It insulates you from electricity.
   rN:        It renders you almost immune to negative energy.
   MP:        It affects your magic capacity (-9).
   Regen:     It increases your rate of health regeneration.
 w - the ring "Ruco" {rPois rF++ AC+4 Str-2 Stlth+}
   (You found it on level 3 of the Tomb of the Ancients)

   [ring of protection]

   AC:        It affects your AC (+4).
   Str:       It affects your strength (-2).
   rF:        It greatly protects you from fire.
   rPois:     It protects you from poison.
   Stlth:     It makes you more stealthy.
 D - the amulet "Jesio" {Faith rCorr Str-2 Int+3 Dex+7}
   (You found it on level 3 of the Tomb of the Ancients)

   [amulet of faith]

   It allows you to gain divine favour quickly.
   Str:       It affects your strength (-2).
   Int:       It affects your intelligence (+3).
   Dex:       It affects your dexterity (+7).
   rCorr:     It protects you from acid and corrosion.
 G - the ring "Mimeg" {rPois rF+ EV+5 Str+4 Dex-4}
   (You found it in Pandemonium)

   [ring of evasion]

   EV:        It affects your evasion (+5).
   Str:       It affects your strength (+4).
   Dex:       It affects your dexterity (-4).
   rF:        It protects you from fire.
   rPois:     It protects you from poison.
 H - the ring of the Hare {EV+10}
   (You found it on level 3 of the Tomb of the Ancients)

   [ring of evasion]

   EV:        It affects your evasion (+10).
 M - a ring of willpower
 R - the ring of the Dolphin {rC+ Int+3 SInv}
   (You acquired it on level 3 of the Lair of Beasts)

   [ring of see invisible]

   Int:       It affects your intelligence (+3).
   rC:        It protects you from cold.
   SInv:      It lets you see invisible.
 S - a +4 ring of slaying
Talismans
 d - a storm talisman
 z - a dragon-blood talisman
Wands
 i - a wand of polymorph (20)
 A - a wand of digging (25)
 L - a wand of iceblast (74)
 N - a wand of paralysis (66)
 P - a wand of mindburst (60)
 W - a wand of quicksilver (36)
Scrolls
 f - 6 scrolls of silence {!r}
 j - 5 scrolls of summoning
 k - 7 scrolls of teleportation
 l - 10 scrolls of poison
 n - 11 scrolls of immolation
 p - 10 scrolls of blinking
 s - a scroll of brand weapon
 E - 9 scrolls of fear
 I - 15 scrolls of vulnerability
 T - 2 scrolls of revelation
 V - 8 scrolls of fog
Potions
 b - 9 potions of lignification
 c - 3 potions of invisibility
 e - 8 potions of might
 g - 11 potions of attraction
 m - 19 potions of curing
 o - 12 potions of enlightenment
 q - 4 potions of heal wounds
 t - 4 potions of resistance
 v - a potion of cancellation
 B - 7 potions of brilliance
 C - 6 potions of berserk rage {!q}
 K - 9 potions of ambrosia
 U - 9 potions of mutation
Miscellaneous
 a - a sack of spiders
 y - a phantom mirror
 F - a condenser vane
 O - a phial of floods
 Q - a figurine of a ziggurat


   Skills:
 O Level 27 Fighting
 O Level 27 Dodging
 O Level 27 Unarmed Combat
 + Level 22.1 Spellcasting
 + Level 22.1 Conjurations
 O Level 27 Hexes
   Level 0.0 Charms
 + Level 22.1 Summonings
 + Level 22.1 Necromancy
 + Level 22.1 Translocations
 + Level 22.1 Transmutations
 + Level 22.1 Fire Magic
 + Level 22.1 Ice Magic
 + Level 22.1 Air Magic
 + Level 22.1 Earth Magic
 + Level 22.1 Poison Magic
 - Level 12.0 Invocations
 - Level 12.0 Evocations
 O Level 27 Shapeshifting


You knew the following spells:

 Your Spells              Type           Power      Damage    Failure   Level
a - Sandblast             Erth           100%       2d20      0%          1
b - Momentum Strike       Conj/Tloc      100%       3d10      0%          2
c - Ensorcelled Hibernat  Hex/Ice        100%       N/A       0%          2
d - Portal Projectile     Hex/Tloc       100%       N/A       0%          3
e - Manifold Assault      Tloc           67%        N/A       0%          4
f - Metabolic Englaciati  Hex/Ice        35%        N/A       0%          5
g - Conjure Ball Lightni  Conj/Air       33%        3x3d11    1%          6
h - Haunt                 Necr/Summ      33%        N/A       1%          7
i - Simulacrum            Ice/Necr       33%        N/A       1%          6
j - Maxwell's Capacitive  Air            33%        ∞         2%          8
k - Malign Gateway        Summ/Tloc      33%        N/A       1%          7
l - Fire Storm            Conj/Fire      33%        8d9       34%         9
m - Polar Vortex          Ice            33%        12d4*     34%         9
Your spell library was empty.

Dungeon Overview and Level Annotations

Branches:
Dungeon (15/15)            Temple (0/1) D:6            Lair (5/5) D:8
  Swamp (4/4) Lair:3       Spider (4/4) Lair:3        Slime (5/5) Lair:4
    Orc (2/2) D:10            Elf (3/3) Orc:2        Vaults (5/5) D:14
  Crypt (3/3) Vaults:2       Tomb (3/3) Crypt:3      Depths (4/4) D:15
   Hell (visited)             Dis (7/7) Hell            Geh (7/7) Hell
    Coc (7/7) Hell            Tar (7/7) Hell            Zot (5/5) Depths:4
  Sewer (visited)         Volcano (visited)         Desolation (visited)

Altars:
Ashenzari
Cheibriados
Elyvilon
Gozag
Hepliaklqana
Makhleb
Okawaru
Trog
Uskayaw
Xom
Yredelemnul
The Shining One
Jiyva

Shops:
D:5 *   D:9 *   D:13 *   D:15 ![   Orc:1 (   Orc:2 (![(   Elf:1 (   Vaults:1 [
Depths:2 =::

Portals:
Hell: Lair:5 Depths:1 Depths:2 Depths:3 Depths:4
Abyss: Depths:2 Depths:3
Pandemonium: Depths:2 Depths:4
Ziggurat: Depths:1

Annotations:
D:7 Dowan; Duvessa
D:10 exclusions: 3 doors and ice statue, PiratePeteNZ's ghost, journeyman OpEE
D:14 Roxanne
Lair:3 1 runed translucent door, exclusion: door
Vaults:5 !vaults warning
Tomb:1 corrupted, exclusion: downstairs
Tar:7 corrupted, Ereshkigal


Innate Abilities, Weirdness & Mutations

You are a lightning-filled tempest!
Your electrical attacks strike out in all directions at once.
You are incredibly evasive.
Your insubstantial body is immune to petrification, constriction, and being set on fire You are flying.
Your armour is entirely melded.
You are incapable of wielding weapons or throwing items.
You are immune to sickness and miasma.
You are immune to poison.
((Your flesh is very heat resistant. (rF++)))
((You are vulnerable to cold. (rC-)))
You float through the air rather than walking.
You learn spells naturally, not from books.
Your magical power is your life essence.
You have superior vitality. (+4 MHP)
((You are partially covered in iridescent scales. (AC +2)))
You passively map a small area around you.


Message History

A hellwing comes into view.
There is a stone staircase leading down here.
(D) Dungeon (T) Temple (L) Lair (S) Swamp (N) Spider Nest (M) Slime Pits (O) Orcish Mines (E) Elven Halls (V) Vaults (C) Crypt (W) Tomb (U) Depths (H) Hell (I) Dis (G) Gehenna (X) Cocytus (Y) Tartarus (Z) Zot
Where to? (Enter - D:1 @ (x,y), ? - help)
Okay, then.
Space momentarily warps into an impossible shape!
You blast the hellwing!!!!
Lightning courses through the hellwing!
You kill the hellwing!
Lugonu accepts your kill.
You can't see any susceptible monsters within range! (Use Z to cast anyway.)
(D) Dungeon (T) Temple (L) Lair (S) Swamp (N) Spider Nest (M) Slime Pits (O) Orcish Mines (E) Elven Halls (V) Vaults (C) Crypt (W) Tomb (U) Depths (H) Hell (I) Dis (G) Gehenna (X) Cocytus (Y) Tartarus (Z) Zot
Where to? (Enter - D:1 @ (x,y), ? - help)
What level of the Dungeon? (default 1, ? - help)
A smoke demon comes into view.
The smoke demon gestures at you. Something smites you!
You blast the smoke demon!!!
Lightning courses through the smoke demon!!
You kill the smoke demon!
Lugonu accepts your kill.
No target in view!
(D) Dungeon (T) Temple (L) Lair (S) Swamp (N) Spider Nest (M) Slime Pits (O) Orcish Mines (E) Elven Halls (V) Vaults (C) Crypt (W) Tomb (U) Depths (H) Hell (I) Dis (G) Gehenna (X) Cocytus (Y) Tartarus (Z) Zot
Where to? (Enter - D:1 @ (x,y), ? - help) HP restored.
You see here 5 atropa-tipped darts.
There is an open door here.
There is a staircase leading out of the dungeon here.
You have escaped!

##### ######.v.######
###.............###
###.................###
#.+.................'.#
##.#.................#.#
##..###.........[...###.#####
#..## ###.........###
#.....## #.## ###.....###
#####... #.# ###.........###
###.


There were no monsters in sight!

Vanquished Creatures
  Cerebov (Pan)
  Antaeus (Coc:7)
  Asmodeus (Geh:7)
  the Royal Jelly (Slime:5)
  Dissolution (Slime:3)
  Mnoleg (Pan)
  Gloorx Vloq (Pan)
  the Serpent of Hell (Geh:7)
  Tiamat (Zot:3)
  Dispater (Dis:7)
  6 dread liches
  7 ancient liches
  2 juggernauts
  3 orbs of fire (Zot:5)
  Mennas (Vaults:3)
  36 royal mummies
  8 Killer Klowns (Zot:5)
  Geryon (Hell)
  4 curse toes
  15 caustic shrikes
  12 profane servitors
  Nikola (Vaults:1)
  6 golden dragons
  the Enchantress (Depths:3)
  17 bone dragons
  17 Tzitzimimeh
  6 iron giants
  15 hellephants
  15 Brimstone Fiends
  Jorgrun (D:14)
  2 pandemonium lords (Pan)
  4 electric golems
  11 doom hounds
  19 tainted leviathans
  18 tentacled monstrosities
  22 Ice Fiends
  18 Hell Sentinels
  A spectral shard shrike (Tar:4)
  5 liches
  27 Orb Guardians
  16 searing wretches
  Mlioglotl (Spider:2)
  6 deep elf blademasters
  25 titans
  A quicksilver dragon (shapeshifter) (Vaults:5)
  21 acid blobs
  7 quicksilver dragons
  2 deep elf master archers (Elf:3)
  14 sphinxes
  11 Executioners
  10 death cobs
  Murray (Depths:4)
  21 ancient champions
  Frances (Spider:1)
  A thorn hunter (Swamp:2)
  15 shadow dragons
  8 tentacled starspawn
  7 tengu reavers
  Kirke (D:13)
  Donald (Orc:2)
  6 revenants
  Aizul (Spider:1)
  2 demonspawn warmongers
  29 storm dragons
  A daeva (Abyss:1)
  2 fenstrider witches (Swamp:2)
  19 azure jellies
  4 draconian monks
  19 fire giants
  8 draconian knights
  14 rockslimes
  Louise (D:14)
  22 frost giants
  5 iron dragons
  21 narguns
  40 balrugs
  7 draconian scorchers
  5 deep elf sorcerers
  17 vault wardens
  15 ghost moths
  11 emperor scorpions
  4 curse skulls
  3 quicksilver elementals
  A juggernaut zombie (Hell)
  2 deep elf elementalists (Elf:3)
  A spectral caustic shrike (Tar:4)
  12 shard shrike simulacra
  7 ghouls
  3 caustic shrike zombies
  An angel (Zot:1)
  16 war gargoyles
  7 draconian shifters
  3 orc warlords
  5 cacodemons
  2 demonspawn corrupters
  10 reapers
  30 very ugly things
  A demonspawn blood saint (Pan)
  11 draconian annihilators
  5 quicksilver oozes
  3 spriggan defenders (Depths:3)
  2 draconian stormcallers
  7 formless jellyfish
  2 juggernaut skeletons (Hell)
  17 ironbound preservers
  7 ironbound thunderhulks
  A formless jellyfish (shapeshifter) (Vaults:5)
  23 stone giants
  14 black draconians
  A starflower (Abyss:3)
  13 green draconians
  11 purple draconians
  5 eleionomae
  12 putrid mouths
  8 demonspawn black suns
  13 vampire knights
  2 deep elf demonologists
  6 yellow draconians
  18 elemental wellsprings
  8 deep elf annihilators
  10 lorocyprocas (Pan)
  2 dire elephants (Spider:1)
  2 halazid warlocks (Desolation)
  2 pale draconians (Depths:4)
  2 bunyips
  10 red draconians
  11 white draconians
  11 wendigos
  8 bennus
  10 spark wasps
  12 ettins
  7 iron golems
  10 green deaths
  11 deep elf death magi
  10 eidola
  A crystal guardian (Desolation)
  24 jiangshi
  17 mummy priests
  A shambling mangrove (Swamp:3)
  16 fire dragons
  6 blizzard demons
  2 quicksilver dragon zombies (Hell)
  4 entropy weavers
  11 great orbs of eyes
  Josephine (Orc:2)
  20 yaktaur captains
  An entropy weaver (shapeshifter) (D:15)
  12 ragged hierophants (Desolation)
  2 spectral spriggans
  4 deep elf high priests
  6 servants of whispers (Desolation)
  A spectral fenstrider witch (Tar:1)
  4 rakshasas
  10 caustic shrike simulacra
  31 vault guards
  6 hell beasts
  3 spriggan zombies
  7 peacekeepers (Desolation)
  14 ice dragons
  16 salamander tyrants
  A fenstrider witch zombie (Crypt:1)
  4 spriggan air magi
  2 ogre magi (D:15)
  8 juggernaut simulacra
  17 hydras
  6 ironbound frosthearts
  6 death knights
  6 spriggan skeletons
  2 catoblepae
  3 radroaches
  A spectral shadow dragon (Tar:1)
  14 centaur warriors
  2 fenstrider witch skeletons (Pan)
  A jorogumo (Spider:3)
  12 alligators
  2 spectral stone giants (Tar:1)
  6 stokers
  31 dancing weapons
  85 death scarabs
  10 boulder beetles
  16 two-headed ogres
  9 death yaks
  8 deep troll shamans
  7 vampire magi
  26 hell hogs
  2 spectral dire elephants (Tar:1)
  A two-headed ogre (shapeshifter) (Elf:3)
  5 deep troll earth magi
  7 tengu warriors
  3 shock serpents (Pan)
  A spectral storm dragon (Tar:2)
  2 orc high priests
  2 thrashing horrors (Abyss:3)
  11 hell knights
  61 sun demons
  27 deep elf knights
  4 crystal echidnas
  19 demonic crawlers
  13 soul eaters
  An emperor scorpion zombie (Crypt:1)
  5 wretched stars (Abyss:3)
  32 shadow wraiths
  5 spriggan berserkers
  A titan skeleton (Pan)
  15 iron trolls
  A bunyip zombie (Tomb:1)
  Amaemon (Lair:3)
  3 sixfirhies (Pan)
  4 skysharks
  37 skeletal warriors
  6 flayed ghosts
  8 goliath frogs
  4 pharaoh ants
  A golden dragon zombie (Hell)
  An orb spider (shapeshifter) (Vaults:5)
  An iron giant zombie (Tomb:3)
  12 spriggan simulacra
  56 deep trolls
  6 glowing orange brains
  2 spectral anacondas (Tar:1)
  2 spark wasp zombies (Hell)
  A shadow dragon zombie (Depths:2)
  3 sun moths
  3 bog bodies (Swamp:2)
  3 quicksilver dragon simulacra (Coc:7)
  2 shadow demons
  3 spriggan druids
  A tengu zombie (Hell)
  7 swamp dragons
  4 anaconda zombies
  7 orb spiders
  27 ironbound convokers
  A golden dragon skeleton (Tomb:2)
  A spectral iron dragon (Crypt:3)
  A spectral hydra (Tar:1)
  11 deep elf archers
  12 wizards
  15 phantasmal warriors
  A steelbarb worm (shapeshifter) (Vaults:5)
  24 lindwurms
  8 orc knights
  2 harpies
  17 necromancers
  5 shining eyes
  28 deep elf zephyrmancers
  2 orc sorcerers
  2 shadow dragon skeletons
  29 deep elf pyromancers
  2 steelbarb worms (Spider:3)
  3 fire giant zombies (Hell)
  2 tengu skeletons (Vaults:3)
  A mana viper (shapeshifter) (Depths:2)
  2 will-o-the-wisps
  16 wolf spiders
  An iron dragon skeleton (Pan)
  16 cyclopes
  20 ugly things
  3 spectral centaurs (Tar:1)
  A worldbinder (Abyss:3)
  25 moths of wrath
  2 sphinx skeletons
  A stone giant skeleton (Crypt:2)
  2 torpor snails (Spider:1)
  A guardian serpent (shapeshifter) (Vaults:5)
  8 titan simulacra
  2 guardian serpents (Desolation)
  An alligator snapping turtle zombie (Crypt:3)
  A black mamba (Lair:2)
  2 eyes of devastation (Pan)
  16 elephants
  A frost giant skeleton (Depths:2)
  17 cane toads
  3 gargoyles
  8 unseen horrors
  33 smoke demons
  An elf skeleton (Vaults:3)
  14 molten gargoyles
  23 vault sentinels
  Maggie (D:7)
  3 ice statues (Coc:7)
  4 rime drakes
  An unseen horror zombie (Crypt:1)
  A yaktaur (shapeshifter) (D:14)
  22 hellions
  18 orange demons
  A dire elephant skeleton (Pan)
  6 komodo dragons
  7 efreet
  56 yaktaurs
  3 kobold demonologists
  18 tormentors
  A bunyip simulacrum (Coc:2)
  41 guardian mummies
  4 ice devils
  3 iron giant simulacra
  18 freezing wraiths
  5 spectral nagas (Tar:1)
  4 anaconda simulacra
  2 harpy zombies
  3 spectral harpies (Tar:1)
  A white draconian skeleton (Crypt:2)
  An ancient zyme (Abyss:3)
  2 tengu conjurers
  2 golden dragon simulacra
  A mana viper skeleton (Crypt:1)
  20 hellwings
  6 trolls
  A red devil (Lair:5)
  A wolf spider simulacrum (D:15)
  A tarantella (shapeshifter) (Vaults:2)
  11 tyrant leeches
  6 polar bears
  4 harpy skeletons
  A radroach zombie (Crypt:2)
  36 tarantellas
  A tengu simulacrum (Vaults:3)
  64 saltlings (Desolation)
  A hydra skeleton (Crypt:2)
  A dream sheep (shapeshifter) (Depths:1)
  11 raiju
  27 hornets
  17 blink frogs
  98 slime creatures
  A frost giant simulacrum (Depths:2)
  An ettin zombie (Crypt:1)
  4 stone giant simulacra
  A black mamba zombie (Crypt:1)
  23 jumping spiders
  17 spriggans
  5 dire elephant simulacra
  17 large abominations
  A spectral black mamba (Tar:1)
  61 flying skulls
  4 wyverns
  2 vampires
  14 water elementals
  Sigmund (D:6)
  4 air elementals (Elf:1)
  An elf zombie (Vaults:3)
  2 ettin skeletons (Crypt:2)
  17 culicivoras
  5 shadows
  11 ynoxinuls
  8 basilisks
  48 yaks
  A black mamba skeleton (Hell)
  15 ushabtiu
  11 wraiths
  4 fire elementals
  A hog (D:13)
  11 small abominations
  A basilisk (shapeshifter) (Elf:1)
  2 alligator snapping turtle simulacra
  5 neqoxecs
  10 starcursed masses (Abyss:3)
  14 golden eyes
  34 redbacks
  10 vampire mosquitoes
  4 steam dragons
  A redback (shapeshifter) (Vaults:2)
  A death yak simulacrum (Lair:4)
  11 chaos spawn
  5 swamp worm simulacra (Swamp:4)
  A faun zombie (Crypt:2)
  16 swamp worms
  5 wargs
  12 harpy simulacra
  14 water moccasins
  12 hell hounds
  A demonspawn zombie (Crypt:1)
  4 acid dragons
  2 deep troll skeletons
  2 floating eyes (shapeshifter)
  3 floating eyes
  3 naga skeletons
  2 sky beasts (shapeshifter) (Vaults:5)
  Pargi (Sewer)
  16 hydra simulacra
  4 swamp drakes
  A hornet zombie (D:6)
  A fire dragon simulacrum (Coc:1)
  An ice beast (D:6)
  2 sky beasts
  3 black bears
  3 ettin simulacra
  A snapping turtle zombie (Crypt:1)
  25 ogres
  21 orc warriors
  18 centaurs
  A human skeleton (Vaults:3)
  5 wolves
  A boggart (D:14)
  A phantom (D:4)
  6 kobold brigands
  11 bullfrogs
  10 necrophages
  2 gnoll sergeants
  2 naga simulacra (Coc:2)
  6 earth elementals
  2 scorpions
  13 wights
  A polar bear zombie (Crypt:2)
  15 killer bees
  A howler monkey (D:9)
  3 vampire bats (Lair:2)
  A yak skeleton (Crypt:1)
  An electric eel (Lair:2)
  A bullfrog zombie (D:6)
  2 centaur zombies
  3 centaur skeletons
  3 hounds
  A black bear zombie (Crypt:1)
  21 orc priests
  Jessica (D:2)
  Ijyb (D:3)
  An iguana (D:7)
  21 orc wizards
  A sleepcap (D:7)
  7 hell rats
  A polar bear simulacrum (Lair:4)
  3 killer bee zombies (D:6)
  A sky beast zombie (Crypt:1)
  38 mummies
  A howler monkey zombie (D:6)
  10 gnolls
  7 adders
  4 river rats (D:4)
  A steam dragon zombie (Crypt:2)
  3 shadow imps
  A white imp (D:6)
  An ufetubus (Abyss:3)
  3 swamp drake simulacra (Swamp:4)
  An adder zombie (Crypt:2)
  An adder skeleton (Crypt:1)
  4 worms
  A dart slug (D:3)
  79 orcs
  5 endoplasms
  3 giant cockroaches
  8 goblins
  6 hobgoblins
  2 quokkas (D:4)
  6 ball pythons
  A ball python zombie (Crypt:1)
  10 bats
  6 frilled lizards
  2 hobgoblin zombies (D:6)
  11 kobolds
  An orc zombie (D:6)
  6 rats
  A rat zombie (Crypt:1)
  7 ball lightnings (Pan)
  6 creeping infernos
  23 fire vortices
  4 starspawn tentacles
3972 creatures vanquished.

Vanquished Creatures (collateral kills)
  4 ogre magi (Orc:2)
  5 two-headed ogres (Orc:2)
  2 yaktaurs (Vaults:2)
  A redback (Spider:2)
  15 ogres (Orc:2)
  An orc priest (Orc:2)
  An orc wizard (Orc:2)
  3 orcs (Orc:2)
32 creatures vanquished.

Vanquished Creatures (others)
  A royal mummy (Tomb:1)
  A lich (Vaults:2)
  An eldritch tentacle (Pan)
  A draconian monk (Zot:3)
  A shard shrike simulacrum (Coc:4)
  An elemental wellspring (Coc:4)
  A sixfirhy (Pan)
  A necromancer (Hell)
  A deep elf pyromancer (D:14)
  A frost giant zombie (Hell)
  A torpor snail (Spider:3)
  A guardian mummy (Tomb:1)
  A red devil (Pan)
  A bloated husk (Swamp:3)
  A naga simulacrum (Coc:4)
  A dire elephant simulacrum (Coc:7)
  2 ynoxinuls (Pan)
  A neqoxec (Pan)
  2 harpy simulacra (Coc:6)
  An electric eel (Spider:4)
  A cerulean imp (Pan)
  12 ball lightnings (Pan)
  4 foxfires (Swamp:1)
  11 starspawn tentacles
50 creatures vanquished.

Grand Total: 4054 creatures vanquished

Notes
Turn   | Place    | Note
-------+----------+-------------------------------------------
     0 | D:1      | Wizard1ke the Djinni Shapeshifter began the quest for the
                  | Orb.
     0 | D:1      | Reached XP level 1. HP: 18/18 MP: 0/0
   138 | D:1      | Reached XP level 2. HP: 20/23 MP: 0/0
   594 | D:2      | Reached XP level 3. HP: 28/28 MP: 0/0
   594 | D:2      | Learned a level 1 spell: Sandblast
   654 | D:2      | Found a hazy altar of Hepliaklqana.
   673 | D:2      | Noticed Jessica
   678 | D:2      | Killed Jessica
   679 | D:2      | Reached XP level 4. HP: 33/33 MP: 0/0
  1210 | D:3      | Found a bloodstained altar of Trog.
  1275 | D:3      | Became a worshipper of Trog the Wrathful
  1568 | D:3      | Noticed Ijyb
  1590 | D:3      | Killed Ijyb
  1591 | D:3      | Reached XP level 5. HP: 20/38 MP: 0/0
  1591 | D:3      | Learned a level 2 spell: Momentum Strike
  1661 | D:3      | Found a snail-covered altar of Cheibriados.
  2152 | D:4      | Found a hide-covered altar of Uskayaw.
  2207 | D:4      | Reached skill level 5 in Unarmed Combat
  2325 | D:4      | Found a glowing drain.
  2335 | Sewer    | Entered a sewer
  2403 | Sewer    | Noticed Pargi
  2612 | Sewer    | Killed Pargi
  2613 | Sewer    | Reached XP level 6. HP: 22/45 MP: 0/0
  2973 | D:4      | Reached XP level 7. HP: 37/50 MP: 0/0
  2973 | D:4      | Learned a level 2 spell: Ensorcelled Hibernation
  2986 | D:4      | Identified the +8 mace of the Lost Teeth {drain, rCorr
                  | Str+4}
  3064 | D:4      | Found a glowing golden altar of the Shining One.
  3089 | D:4      | Reached * piety under Trog
  3563 | D:5      | Entered Level 5 of the Dungeon
  3591 | D:5      | Noticed a water moccasin
  3749 | D:5      | Killed a water moccasin
  3860 | D:5      | Reached XP level 8. HP: 47/58 MP: 0/0
  4171 | D:5      | Found Zuna's Gadget Gallery.
  4482 | D:6      | Reached skill level 5 in Fighting
  5045 | D:6      | Noticed Sigmund
  5053 | D:6      | Killed Sigmund
  5054 | D:6      | Reached XP level 9. HP: 66/66 MP: 0/0
  5054 | D:6      | Learned a level 3 spell: Portal Projectile
  5521 | D:6      | Found a staircase to the Ecumenical Temple.
  5824 | D:6      | Found a broken altar of Ashenzari.
  6328 | D:7      | Reached ** piety under Trog
  6458 | D:7      | Noticed Maggie
  6476 | D:7      | Killed Maggie
  6477 | D:7      | Reached skill level 10 in Unarmed Combat
  6595 | D:7      | Found a basalt altar of Yredelemnul.
  6762 | D:7      | Noticed Duvessa
  6762 | D:7      | Noticed Dowan
  6853 | D:7      | Reached XP level 10. HP: 56/75 MP: 0/0
  7259 | D:8      | Found a staircase to the Lair.
  7473 | D:8      | Reached skill level 5 in Shapeshifting
  8220 | D:8      | Reached XP level 11. HP: 51/82 MP: 0/0
  8220 | D:8      | Learned a level 4 spell: Manifold Assault
  8477 | D:9      | Reached *** piety under Trog
  8834 | D:9      | Noticed a two-headed ogre
  8842 | D:9      | Killed a two-headed ogre
  9131 | D:9      | Found Fougul's Assorted Antiques.
  9135 | D:9      | Bought a scroll labelled VIYGAE ICUY for 24 gold pieces
  9135 | D:9      | Bought 2 puce potions for 43 gold pieces
  9331 | D:9      | Found a shimmering altar of Xom.
  9751 | D:10     | Entered Level 10 of the Dungeon
  9751 | D:10     | Noticed PiratePeteNZ's ghost (journeyman OpEE)
  9751 | D:10     | Noticed a two-headed ogre
  9751 | D:10     | Found a runed translucent gate.
  9751 | D:10     | Found a runed translucent gate.
  9751 | D:10     | Found a runed translucent gate.
  9751 | D:10     | You are sucked into a shaft and drop 2 floors!
  9795 | D:10     | Killed a two-headed ogre
 10000 | D:10     | Reached skill level 10 in Fighting
 10365 | D:10     | Reached **** piety under Trog
 10890 | D:10     | Found a staircase to the Orcish Mines.
 11152 | D:10     | Found an opulent altar of Gozag.
 11153 | D:10     | Found a white marble altar of Elyvilon.
 11556 | D:5      | Bought a phial of floods for 560 gold pieces
 11727 | Lair:1   | Entered Level 1 of the Lair of Beasts
 11992 | Lair:1   | Reached XP level 12. HP: 91/91 MP: 0/0
 12363 | Lair:1   | Noticed a catoblepas
 12383 | Lair:1   | Killed a catoblepas
 13006 | Lair:2   | Noticed a skyshark
 13015 | Lair:2   | Killed a skyshark
 13101 | Lair:2   | Noticed a death yak
 13110 | Lair:2   | Killed a death yak
 13113 | Lair:2   | Noticed a death yak
 13317 | Lair:2   | Noticed a death yak
 13326 | Lair:1   | Killed a death yak
 13474 | Lair:1   | Killed a death yak
 13756 | Lair:2   | Reached skill level 5 in Dodging
 13762 | Lair:2   | Reached XP level 13. HP: 76/98 MP: 0/0
 13762 | Lair:2   | Learned a level 5 spell: Metabolic Englaciation
 14361 | Lair:3   | Found a staircase to the Swamp.
 14553 | Lair:3   | Noticed Amaemon
 14670 | Lair:3   | Killed Amaemon
 14869 | Lair:3   | Identified 2 scrolls of acquirement
 14870 | Lair:3   | Acquired the ring of the Dolphin {rC+ Int+3 SInv}
 14873 | Lair:3   | Acquired 775 gold pieces
 15022 | D:5      | Bought a phantom mirror for 560 gold pieces
 15022 | D:5      | Bought a wand of quicksilver (6) for 352 gold pieces
 15226 | Lair:3   | Found a hole to the Spider Nest.
 15541 | Lair:3   | Found a runed translucent door.
 15699 | Lair:3   | Noticed a four-headed hydra
 15784 | Lair:4   | Found a dark tunnel.
 15796 | Volcano  | Entered a volcano
 16423 | Lair:4   | Found a runed translucent door.
 16521 | Lair:4   | Noticed an acid blob
 16522 | Lair:4   | Noticed an acid blob
 16524 | Lair:4   | Found a staircase to the Slime Pits.
 16524 | Lair:4   | Noticed an acid blob
 16559 | Lair:4   | Reached skill level 10 in Shapeshifting
 16589 | Lair:4   | Noticed a seven-headed hydra
 16596 | Lair:4   | Killed a seven-headed hydra
 17085 | Lair:4   | Noticed a seven-headed hydra
 17106 | Lair:4   | Killed a seven-headed hydra
 17804 | Lair:5   | Entered Level 5 of the Lair of Beasts
 17804 | Lair:5   | Noticed an eight-headed hydra
 18050 | Lair:4   | Reached ***** piety under Trog
 18209 | Lair:5   | Reached XP level 14. HP: 105/105 MP: 0/0
 20046 | Lair:5   | Found a burning altar of Makhleb.
 20939 | Lair:5   | Found a gateway to Hell.
 20946 | Lair:5   | Identified the amulet of Wishful Thinking {RegenMP rF+
                  | Str+4}
 21190 | D:11     | Reached XP level 15. HP: 111/111 MP: 0/0
 21190 | D:11     | Learned a level 6 spell: Conjure Ball Lightning
 22422 | D:12     | Found a hazy altar of Hepliaklqana.
 22464 | D:12     | Found a faded altar of an unknown god.
 23323 | D:13     | Noticed Kirke
 23332 | D:13     | Killed Kirke
 23354 | D:13     | Found Cahiux's General Store.
 23362 | D:13     | Bought a scroll of revelation for 135 gold pieces
 23743 | Orc:1    | Entered Level 1 of the Orcish Mines
 23813 | Orc:1    | Found Idessel's Weapon Shoppe.
 23816 | Orc:1    | You are sucked into a shaft and drop 1 floor!
 23816 | Orc:2    | Entered Level 2 of the Orcish Mines
 23818 | Orc:2    | Noticed Donald
 23824 | Orc:2    | Killed Donald
 23825 | Orc:2    | Reached skill level 15 in Shapeshifting
 23871 | Orc:2    | Received a gift from Trog
 23873 | Orc:2    | Found Edwiac's Armour Boutique.
 23873 | Orc:2    | Found Xetof's Antique Weapon Shoppe.
 23873 | Orc:2    | Found Lunoliho's Weapon Emporium.
 23873 | Orc:2    | Found Keysex's Distillery.
 23886 | Orc:2    | Reached XP level 16. HP: 84/118 MP: 0/0
 24015 | Orc:2    | Noticed Josephine
 24027 | Orc:2    | Killed Josephine
 24555 | Orc:2    | Found a staircase to the Elven Halls.
 25372 | D:14     | Noticed Louise
 25383 | D:14     | Killed Louise
 25444 | D:14     | Noticed Jorgrun
 25460 | D:14     | Killed Jorgrun
 25461 | D:14     | Reached skill level 15 in Unarmed Combat
 25634 | D:14     | Received a gift from Trog
 26012 | D:14     | Noticed Roxanne
 26162 | D:14     | Found a gate to the Vaults.
 26552 | D:15     | Entered Level 15 of the Dungeon
 27002 | D:15     | Found Ziushaf's Armour Boutique.
 27156 | D:15     | Found a staircase to the Depths.
 27212 | D:15     | Found Pefeysm's Distillery.
 27331 | D:15     | Reached XP level 17. HP: 129/129 MP: 0/0
 27331 | D:15     | Learned a level 7 spell: Haunt
 27434 | D:15     | Bought a potion of haste for 160 gold pieces
 27434 | D:15     | Bought a potion of haste for 160 gold pieces
 27722 | Orc:2    | Bought a potion of cancellation for 128 gold pieces
 27722 | Orc:2    | Bought a potion of invisibility for 128 gold pieces
 27722 | Orc:2    | Bought a potion of experience for 800 gold pieces
 27722 | Orc:2    | Bought a potion of heal wounds for 80 gold pieces
 27722 | Orc:2    | Bought a potion of berserk rage for 80 gold pieces
 27722 | Orc:2    | Reached XP level 18. HP: 137/137 MP: 0/0
 27723 | Orc:2    | Reached skill level 15 in Fighting
 27723 | Orc:2    | Reached XP level 19. HP: 143/143 MP: 0/0
 27723 | Orc:2    | Learned a level 6 spell: Simulacrum
 27724 | Orc:2    | Reached XP level 20. HP: 149/149 MP: 0/0
 27909 | Spider:1 | Entered Level 1 of the Spider Nest
 28537 | Spider:1 | Noticed Aizul
 28552 | Spider:1 | Killed Aizul
 28689 | Spider:1 | Noticed Frances
 28699 | Spider:1 | Killed Frances
 28796 | Spider:1 | Received a gift from Trog
 28797 | Spider:1 | Reached skill level 1 in Evocations
 29271 | Spider:2 | Noticed Mlioglotl
 29279 | Spider:2 | Killed Mlioglotl
 30489 | Spider:3 | Reached skill level 5 in Evocations
 30812 | Spider:3 | Received a gift from Trog
 31451 | Spider:4 | Entered Level 4 of the Spider Nest
 31670 | Spider:4 | Reached XP level 21. HP: 155/155 MP: 0/0
 31670 | Spider:4 | Learned a level 8 spell: Maxwell's Capacitive Coupling
 31722 | Spider:4 | Identified the +6 morningstar of the Forgotten Bones
                  | {flame, Dex+4}
 32133 | Spider:4 | Acquired a manual of Fighting
 32476 | Spider:4 | Got a gossamer rune of Zot
 32664 | Swamp:1  | Entered Level 1 of the Swamp
 32853 | Swamp:1  | Reached ****** piety under Trog
 33342 | Swamp:2  | Received a gift from Trog
 33584 | Swamp:2  | Paralysed by a fenstrider witch for 3 turns
 34622 | Swamp:4  | Entered Level 4 of the Swamp
 35045 | Swamp:4  | Received a gift from Trog
 35302 | Swamp:4  | Reached XP level 22. HP: 151/172 MP: 0/0
 35409 | Swamp:4  | Got a decaying rune of Zot
 35753 | Vaults:1 | Entered Level 1 of the Vaults
 36045 | Vaults:1 | Received a gift from Trog
 36304 | Vaults:1 | Noticed Nikola
 36316 | Vaults:1 | Killed Nikola
 37075 | Vaults:1 | Found Qaijurr's Armour Shop.
 37915 | Vaults:2 | Received a gift from Trog
 38109 | Vaults:2 | Identified the +4 shortbow "Grum" {drain, Int+4}
 38968 | Vaults:2 | Identified the +0 plate armour of Tomorrow {rN+ rCorr MP-9}
 39209 | Vaults:2 | Found a staircase to the Crypt.
 39509 | Vaults:3 | Reached XP level 23. HP: 180/180 MP: 0/0
 39509 | Vaults:3 | Learned a level 7 spell: Malign Gateway
 39525 | Vaults:3 | Received a gift from Trog
 40171 | Vaults:3 | Noticed Mennas
 40195 | Vaults:3 | Killed Mennas
 40805 | Vaults:4 | Identified the +7 dagger of Midwinter {antimagic, rElec
                  | rPois rC+++ Dex-4} (Trog gifted it to you on level 4 of the
                  | Vaults)
 40805 | Vaults:4 | Received a gift from Trog
 41386 | Vaults:4 | Reached skill level 10 in Dodging
 41772 | Vaults:4 | Reached skill level 10 in Evocations
 42361 | Elf:1    | Entered Level 1 of the Elven Halls
 42415 | Elf:1    | Identified the +3 spear of Nyanasm {chaos, Fragile rElec
                  | MP+9 Int+4}
 42416 | Elf:1    | Identified the amulet "Idionkor" {RegenMP rC- rCorr Int+8}
 42416 | Elf:1    | Paralysed by an air elemental for 1 turns
 42477 | Elf:1    | Found Wanuxisi's Weapon Boutique.
 42526 | Elf:1    | Received a gift from Trog
 42659 | Elf:1    | Reached XP level 24. HP: 189/189 MP: 0/0
 42876 | Elf:1    | Identified the +0 scale mail of Generosity {Str+3 Dex-4
                  | Stlth+}
 43513 | Elf:1    | Received a gift from Trog
 43693 | Elf:2    | Found a crumbling gateway.
 43705 | Desolati | Entered the Desolation of Salt
 43976 | Desolati | Identified the +6 rapier of the Lusting Gnat {heavy, rF++
                  | Int+5}
 43979 | Desolati | Identified the +0 pair of gloves of Nunatz {Dex+3}
 44100 | Desolati | Identified the +0 scale mail "Leiq" {*Corrode rC++ Will+
                  | MP+9}
 44148 | Desolati | Identified the +1 scale mail "Judwidaf" {rC+ rN+ Will-
                  | rCorr}
 44151 | Desolati | Received a gift from Trog
 44199 | Desolati | Identified the ring of the Pharaoh's Fist {rF+ rC+ Str+6}
 44222 | Desolati | Got the Volume of the Fjord and Electricity
 44401 | Desolati | Identified the +0 cloak "Qameehann" {rF- rCorr Slay+2}
 44508 | Desolati | Got the Secrets of Momentum
 44512 | Desolati | Got Sif Muna's Atlas of the Wind and the Sun
 44514 | Desolati | Got the Atlas of the Tempest
 44516 | Desolati | Identified the +2 cloak of Cethuph {Rampage rElec Str-3
                  | Dex+4}
 44542 | Desolati | Identified the amulet "Xatup" {Faith +Inv Regen+ Int-4
                  | Dex+2}
 44594 | Desolati | Found the +5 Lochaber axe {reach-cleave, Poleaxe Drain}
 44637 | Desolati | Identified the amulet of Conformity {Reflect Dex+3 SH+5}
 44684 | Desolati | Identified the amulet "Uckurid" {Reflect Int+3 SH+5}
 44974 | Elf:2    | Received a gift from Trog
 45048 | Elf:2    | Found a runed translucent gate.
 45048 | Elf:2    | Found a runed translucent gate.
 45048 | Elf:2    | Found a runed translucent gate.
 45373 | Elf:3    | Entered Level 3 of the Elven Halls
 45581 | Elf:3    | Received a gift from Trog
 46087 | Elf:3    | Reached XP level 25. HP: 198/198 MP: 0/0
 46087 | Elf:3    | Learned a level 9 spell: Fire Storm
 46120 | Elf:3    | Received a gift from Trog
 46290 | Elf:3    | Identified the +0 broad axe of Integrity {freeze, Will+
                  | rCorr Str+2 Int-2}
 46290 | Elf:3    | Identified the +0 robe "Dexzug" {rElec}
 46329 | Elf:3    | Acquired the amulet of Iwkuner {rElec rN+++ Regen+ MP-9
                  | Slay-5}
 46344 | Elf:3    | Identified the +0 pair of boots "Ashri" {Regen+ Int+2 Dex-4
                  | SInv}
 46366 | Elf:3    | Identified the +7 orcbow of Generosity {antimagic, Dex+5}
 46368 | Elf:3    | Got Asuirrim's Tome of Quicksand
 46380 | Elf:3    | Got the Quarto of Necromancy
 46383 | Elf:3    | Identified the +1 whip of Ignis's Envy {venom, Fly Str-3
                  | Dex+4}
 46410 | Elf:3    | Got Sif Muna's Anthology of the Black Widow and Zombies
 46419 | Elf:3    | Identified the staff of the Enfolding Gods {rN+ Dex+6
                  | Necro}
 46426 | Elf:3    | Identified the +5 ring mail "Ygajuske" {Int+4}
 47376 | Depths:1 | Entered Level 1 of the Depths
 47868 | Depths:1 | Found a one-way gateway to a ziggurat.
 47980 | Depths:1 | Received a gift from Trog
 48328 | Depths:1 | Identified the +4 spear of Beogh's Esteem {drain, Fly}
 48442 | Depths:1 | Found an iron altar of Okawaru.
 48963 | Depths:2 | Received a gift from Trog
 49112 | Depths:2 | Found a one-way gate leading to the halls of Pandemonium.
 49455 | Depths:2 | Found a one-way gate to the infinite horrors of the Abyss.
 49561 | Depths:2 | Found Xofec's Book Shop.
 49562 | Depths:2 | Found Daasusch's Jewellery Shoppe.
 49563 | Depths:2 | Found Gabbu's Book Shop.
 49610 | Depths:2 | Reached XP level 26. HP: 205/205 MP: 0/0
 49922 | Depths:2 | Got the Cyclopedia of Transformed Degeneration
 50144 | Depths:3 | Noticed the Enchantress
 50148 | Depths:3 | Killed the Enchantress
 50495 | Depths:3 | Received a gift from Trog
 50526 | Depths:3 | Identified the +4 plate armour "Soysiuvy" {rF+ rCorr}
 51471 | Depths:3 | Voluntarily entered the Abyss.
 51490 | Abyss:1  | Found a corrupted altar of Lugonu.
 51500 | Abyss:1  | Fell from the grace of Trog
 51500 | Abyss:1  | Became a worshipper of Lugonu the Unformed
 51500 | Abyss:1  | Reached * piety under Lugonu
 51500 | Abyss:1  | Reached ** piety under Lugonu
 51546 | Abyss:1  | Reached skill level 1 in Spellcasting
 51546 | Abyss:1  | Reached skill level 1 in Conjurations
 51546 | Abyss:1  | Reached skill level 1 in Hexes
 51546 | Abyss:1  | Reached skill level 1 in Summonings
 51546 | Abyss:1  | Reached skill level 1 in Necromancy
 51546 | Abyss:1  | Reached skill level 1 in Translocations
 51546 | Abyss:1  | Reached skill level 1 in Transmutations
 51546 | Abyss:1  | Reached skill level 1 in Fire Magic
 51546 | Abyss:1  | Reached skill level 1 in Ice Magic
 51546 | Abyss:1  | Reached skill level 1 in Air Magic
 51546 | Abyss:1  | Reached skill level 1 in Earth Magic
 51546 | Abyss:1  | Reached skill level 1 in Poison Magic
 51864 | Abyss:1  | Found a corrupted altar of Lugonu.
 51874 | Abyss:1  | Found a corrupted altar of Lugonu.
 51874 | Abyss:1  | Found a corrupted altar of Lugonu.
 51982 | Depths:3 | Escaped the Abyss
 52053 | Depths:4 | Entered Level 4 of the Depths
 52115 | Depths:4 | Noticed a juggernaut
 52299 | Depths:3 | Reached skill level 5 in Spellcasting
 52299 | Depths:3 | Reached skill level 5 in Conjurations
 52299 | Depths:3 | Reached skill level 5 in Hexes
 52299 | Depths:3 | Reached skill level 5 in Summonings
 52299 | Depths:3 | Reached skill level 5 in Necromancy
 52299 | Depths:3 | Reached skill level 5 in Translocations
 52299 | Depths:3 | Reached skill level 5 in Transmutations
 52299 | Depths:3 | Reached skill level 5 in Fire Magic
 52299 | Depths:3 | Reached skill level 5 in Ice Magic
 52299 | Depths:3 | Reached skill level 5 in Air Magic
 52299 | Depths:3 | Reached skill level 5 in Earth Magic
 52299 | Depths:3 | Reached skill level 5 in Poison Magic
 52570 | Depths:4 | Killed a juggernaut
 52682 | Depths:4 | Reached *** piety under Lugonu
 52683 | Depths:4 | Reached XP level 27. HP: 211/211 MP: 0/0
 52683 | Depths:4 | Learned a level 9 spell: Polar Vortex
 53011 | Depths:4 | Found a gateway to a bazaar.
 53065 | Bazaar   | Entered a bazaar
 53069 | Bazaar   | Found Qiapt's Antique Weapon Emporium.
 53085 | Bazaar   | Found Nutaisar's Weapon Emporium.
 53087 | Bazaar   | Found Nissuhur's Magic Scroll Emporium.
 53103 | Bazaar   | Bought a scroll of poison for 44 gold pieces
 53103 | Bazaar   | Bought a scroll of vulnerability for 44 gold pieces
 53103 | Bazaar   | Bought a scroll of fog for 44 gold pieces
 53103 | Bazaar   | Bought a scroll of fog for 44 gold pieces
 53129 | Bazaar   | Found Noleumagh's Weapon Emporium.
 53269 | Depths:4 | Paralysed by Trog for 4 turns
 53326 | Depths:4 | Found a hazy altar of Hepliaklqana.
 53636 | Depths:4 | Found a gate to the Realm of Zot.
 53982 | Vaults:5 | Entered Level 5 of the Vaults
 54007 | Vaults:5 | Reached skill level 1 in Invocations
 54033 | Vaults:5 | Reached **** piety under Lugonu
 54053 | Vaults:5 | Noticed a dread lich
 54059 | Vaults:5 | Killed a dread lich
 54266 | Vaults:5 | Identified the +11 dagger of Moderation {elec, rPois Will+
                  | Int+2 Dex-3}
 54438 | Vaults:5 | Identified the ring "Cogihum" {rElec rF++ rCorr MP+9 SInv}
 54443 | Vaults:5 | Reached skill level 5 in Invocations
 54611 | Vaults:5 | Reached ***** piety under Lugonu
 54722 | Vaults:5 | Identified the +1 battleaxe of Untruth {venom, rF++}
 54988 | Vaults:5 | Reached skill level 10 in Spellcasting
 54988 | Vaults:5 | Reached skill level 10 in Conjurations
 54988 | Vaults:5 | Reached skill level 10 in Hexes
 54988 | Vaults:5 | Reached skill level 10 in Summonings
 54988 | Vaults:5 | Reached skill level 10 in Necromancy
 54988 | Vaults:5 | Reached skill level 10 in Translocations
 54988 | Vaults:5 | Reached skill level 10 in Transmutations
 54988 | Vaults:5 | Reached skill level 10 in Fire Magic
 54988 | Vaults:5 | Reached skill level 10 in Ice Magic
 54988 | Vaults:5 | Reached skill level 10 in Air Magic
 54988 | Vaults:5 | Reached skill level 10 in Earth Magic
 54988 | Vaults:5 | Reached skill level 10 in Poison Magic
 55347 | Vaults:5 | Noticed a dread lich
 55350 | Vaults:5 | Killed a dread lich
 55449 | Vaults:5 | Identified the ring "Ler Ditydgho" {rPois rC+ Str-4 Dex+6}
 55517 | Vaults:5 | Got Wiynobrat's Handbook of Bruises and Hexing
 55520 | Vaults:5 | Identified the +0 leather armour of Negation {rElec rF+
                  | rC++ Dex+3}
 55522 | Vaults:5 | Got the Anthology of Reconstruction
 55527 | Vaults:5 | Identified the staff "Kaob" {+Blink rPois rC+ SInv Poison}
 55534 | Vaults:5 | Got the Essays on Sciomancy
 55840 | Vaults:5 | Got a silver rune of Zot
 57139 | Slime:1  | Entered Level 1 of the Pits of Slime
 57224 | Swamp:1  | Paralysed by Trog for 4 turns
 57224 | Swamp:1  | Was forgiven by Trog
 57599 | Orc:2    | Bought 2 potions of brilliance for 128 gold pieces
 57599 | Orc:2    | Bought a potion of brilliance for 64 gold pieces
 58114 | Slime:3  | Noticed Dissolution
 58117 | Slime:3  | Killed Dissolution
 58134 | Slime:3  | Reached ****** piety under Lugonu
 58297 | Slime:4  | Found a viscous altar of Jiyva.
 58712 | Slime:4  | Reached skill level 10 in Invocations
 59139 | Slime:5  | Entered Level 5 of the Pits of Slime
 59221 | Slime:5  | Noticed the Royal Jelly
 59242 | Slime:5  | Killed the Royal Jelly
 59660 | Slime:5  | Found the +8 frozen axe "Frostbite" {freeze, freezing
                  | cloud, *Noise Fly rC+}
 59678 | Slime:5  | Got the Anthology of Vexing Dislocation
 59731 | Slime:5  | Found the +8 storm bow {elec, penet}
 59743 | Slime:5  | Identified the ring of the Amoeba {Str+3 Slay+4 Stlth+}
 59751 | Slime:5  | Identified the ring "Izxeent" {+Blink Fly rF- Dex+6 Stlth+}
 59771 | Slime:5  | Identified the +8 long sword "Qaxiew" {flame, MP+9 Int+4}
 59798 | Slime:5  | Got a slimy rune of Zot
 59835 | Slime:5  | Identified the +3 long sword of Beogh, Destroying {flame,
                  | *Slow rCorr Str+4}
 60710 | Depths:2 | Voluntarily entered the Abyss.
 60761 | Abyss:3  | Found a corrupted altar of Lugonu.
 60761 | Abyss:3  | Found a corrupted altar of Lugonu.
 60773 | Abyss:3  | Found a corrupted altar of Lugonu.
 60784 | Depths:2 | Escaped the Abyss
 60846 | Depths:2 | Voluntarily entered the Abyss.
 60913 | Abyss:3  | Got an abyssal rune of Zot
 61099 | Depths:2 | Escaped the Abyss
 61284 | Crypt:1  | Entered Level 1 of the Crypt
 62053 | Crypt:1  | Noticed an ancient lich
 62056 | Crypt:1  | Killed an ancient lich
 63655 | Crypt:3  | Entered Level 3 of the Crypt
 64391 | Crypt:3  | Found a staircase to the Tomb.
 64391 | Crypt:3  | Noticed a dread lich
 64397 | Crypt:3  | Killed a dread lich
 64630 | Crypt:3  | Identified the +6 dagger "Umuen" {holy, *Rage Will+ Int+3}
 65091 | Crypt:3  | Identified the +5 shortbow "Guinulez" {freeze, Dex+2}
 65446 | Zot:1    | Entered Level 1 of the Realm of Zot
 65832 | Zot:1    | Identified the +3 chain mail of Insecurity {+Blink SInv}
 67675 | Zot:3    | Found the +4 dragonskin cloak
 67675 | Zot:3    | Noticed Tiamat
 67712 | Zot:3    | Killed Tiamat
 67853 | Zot:3    | Reached skill level 15 in Dodging
 68779 | Zot:5    | Entered Level 5 of the Realm of Zot
 68913 | Zot:5    | Noticed a Killer Klown
 68918 | Zot:5    | Killed a Killer Klown
 69508 | Pan      | Entered Pandemonium
 69510 | Pan      | Noticed Loess the pandemonium lord
 69813 | Pan      | Noticed Weam the pandemonium lord
 69824 | Pan      | Killed Weam the pandemonium lord
 69946 | Pan      | Found a runed translucent door.
 69957 | Pan      | Got a demonic rune of Zot
 70105 | Pan      | Noticed Volecsei the pandemonium lord
 70109 | Pan      | Killed Volecsei the pandemonium lord
 70240 | Pan      | Noticed Icku the pandemonium lord
 70259 | Pan      | Corrupted Pan
 70871 | Pan      | Entered the realm of Gloorx Vloq.
 70871 | Pan      | Found an exit through the horrors of the Abyss.
 71182 | Pan      | Noticed Gloorx Vloq
 71429 | Pan      | Killed Gloorx Vloq
 71561 | Pan      | Got a dark rune of Zot
 71649 | Pan      | Entered the realm of Mnoleg.
 71672 | Pan      | Found an exit through the horrors of the Abyss.
 71676 | Pan      | Noticed Mnoleg
 71677 | Pan      | Gained mutation: Your body sometimes deteriorates upon
                  | taking damage. [a cacodemon]
 71696 | Pan      | Killed Mnoleg
 71707 | Pan      | Got a glowing rune of Zot
 71903 | Pan      | Reached skill level 27 in Shapeshifting
 72001 | Pan      | Found an exit through the horrors of the Abyss.
 72037 | Pan      | Noticed Qaumadag the pandemonium lord
 72049 | Pan      | Entered the realm of Lom Lobon.
 72427 | Pan      | Noticed Lom Lobon
 72753 | Pan      | Found an exit through the horrors of the Abyss.
 72756 | Pan      | Noticed Ignacio
 72762 | Pan      | Corrupted Pan
 72988 | Pan      | Gained mutation: You are clumsy. (Dex -2) [mutagenic glow]
 73126 | Pan      | Got a magical rune of Zot
 73382 | Pan      | Found a transporter.
 73396 | Pan      | Entered the realm of Cerebov.
 73465 | Pan      | Found the +6 sword of Cerebov {flame}
 73465 | Pan      | Noticed Cerebov
 73561 | Pan      | Killed Cerebov
 73597 | Pan      | Got a fiery rune of Zot
 73618 | Pan      | Acquired a manual of Hexes
 73620 | Pan      | Identified the +12 chain mail of the Present {Harm rElec
                  | Slay-5}
 73682 | Pan      | Identified the ring "Mimeg" {rPois rF+ EV+5 Str+4 Dex-4}
 73934 | Pan      | Identified the +0 buckler of Terrible Beauty {Dex+5}
 74455 | Pan      | Found an exit through the horrors of the Abyss.
 74462 | Pan      | Took an exit into the Abyss.
 74462 | Abyss:3  | Escaped into the Abyss
 74465 | Abyss:3  | Found a corrupted altar of Lugonu.
 74473 | Abyss:3  | Found a corrupted altar of Lugonu.
 74501 | Depths:4 | Escaped the Abyss
 74502 | Depths:4 | Lost mutation: Your body sometimes deteriorates upon taking
                  | damage. [potion of mutation]
 74502 | Depths:4 | Lost mutation: You are clumsy. (Dex -2) [potion of
                  | mutation]
 74502 | Depths:4 | Gained mutation: You are partially covered in iridescent
                  | scales. (AC +2) [potion of mutation]
 74502 | Depths:4 | Gained mutation: Your spells are a little easier to cast,
                  | but a little less powerful. [potion of mutation]
 74502 | Depths:4 | Gained mutation: Your mind is acute. (Int +4, Str/Dex -1)
                  | [potion of mutation]
 74502 | Depths:4 | Gained mutation: You are mostly covered in iridescent
                  | scales. (AC +4) [potion of mutation]
 74503 | Depths:4 | Lost mutation: Your mind is acute. (Int +4, Str/Dex -1)
                  | [potion of mutation]
 74503 | Depths:4 | Lost mutation: You are mostly covered in iridescent scales.
                  | (AC +4) [potion of mutation]
 74503 | Depths:4 | Lost mutation: Your spells are a little easier to cast, but
                  | a little less powerful. [potion of mutation]
 74503 | Depths:4 | Gained mutation: You passively map a small area around you.
                  | [potion of mutation]
 74564 | Hell     | Entered the Vestibule of Hell
 74573 | Hell     | Noticed Murray
 74628 | Hell     | Noticed Geryon
 74634 | Depths:4 | Killed Murray
 74752 | Hell     | Killed Geryon
 75063 | Hell     | Found a gateway to the freezing wastes of Cocytus.
 75220 | Hell     | Found a gateway to the ashen valley of Gehenna.
 75270 | Hell     | Found a gateway to the decaying netherworld of Tartarus.
 75353 | Hell     | Found a gateway to the Iron City of Dis.
 75441 | Geh:1    | Entered Level 1 of Gehenna
 75571 | Geh:2    | You are sucked into a shaft and drop 1 floor!
 76498 | Geh:5    | Escaped the Abyss
 77117 | Geh:7    | Entered Level 7 of Gehenna
 77181 | Geh:7    | Noticed the Serpent of Hell
 77192 | Geh:7    | Killed the Serpent of Hell
 77909 | Geh:7    | Found the +13 sceptre of Asmodeus
 77909 | Geh:7    | Noticed Asmodeus
 77935 | Geh:7    | Killed Asmodeus
 77973 | Geh:7    | Got an obsidian rune of Zot
 78104 | Tar:1    | Entered Level 1 of Tartarus
 78272 | Tar:1    | Noticed a dread lich
 78300 | Tar:1    | Paralysed by a dread lich for 5 turns
 78309 | Tar:1    | Killed a dread lich
 78310 | Tar:1    | Reached skill level 27 in Unarmed Combat
 79609 | Tar:7    | Entered Level 7 of Tartarus
 79770 | Tar:7    | Reached skill level 27 in Fighting
 81171 | Tar:7    | Noticed Ereshkigal
 81187 | Tar:7    | Paralysed by Ereshkigal for 4 turns
 81346 | Tar:7    | Corrupted Tar:7
 81358 | Tar:7    | Got a bone rune of Zot
 81479 | Coc:1    | Entered Level 1 of Cocytus
 81564 | Coc:2    | Noticed an ancient lich
 81573 | Coc:2    | Killed an ancient lich
 81933 | Coc:4    | Reached skill level 15 in Hexes
 82453 | Coc:7    | Entered Level 7 of Cocytus
 82642 | Coc:7    | Noticed an ancient lich
 82655 | Coc:7    | Killed an ancient lich
 82873 | Coc:7    | Reached skill level 15 in Spellcasting
 82873 | Coc:7    | Reached skill level 15 in Conjurations
 82873 | Coc:7    | Reached skill level 15 in Summonings
 82873 | Coc:7    | Reached skill level 15 in Necromancy
 82873 | Coc:7    | Reached skill level 15 in Translocations
 82873 | Coc:7    | Reached skill level 15 in Transmutations
 82873 | Coc:7    | Reached skill level 15 in Fire Magic
 82873 | Coc:7    | Reached skill level 15 in Ice Magic
 82873 | Coc:7    | Reached skill level 15 in Air Magic
 82873 | Coc:7    | Reached skill level 15 in Earth Magic
 82873 | Coc:7    | Reached skill level 15 in Poison Magic
 83386 | Coc:7    | Noticed Antaeus
 83399 | Coc:7    | Killed Antaeus
 83466 | Coc:7    | Got an icy rune of Zot
 83469 | Coc:7    | Identified the staff of Paper {rElec rPois rC+ Str+3 Dex+3
                  | Air}
 83720 | Dis:1    | Entered Level 1 of the Iron City of Dis
 83997 | Dis:2    | You are sucked into a shaft and drop 2 floors!
 84226 | Dis:6    | Gained mutation: You are dopey. (Int -2) [mutagenic glow]
 84334 | Dis:7    | Entered Level 7 of the Iron City of Dis
 84974 | Dis:7    | Noticed Dispater
 84986 | Dis:7    | Noticed a juggernaut
 84987 | Dis:7    | Killed Dispater
 84990 | Dis:7    | Killed a juggernaut
 85002 | Dis:7    | Got an iron rune of Zot
 85556 | Tomb:1   | Entered Level 1 of the Tomb of the Ancients
 86243 | Tomb:1   | Noticed a royal mummy
 86254 | Tomb:1   | Killed a royal mummy
 86317 | Tomb:1   | Noticed a royal mummy
 86325 | Tomb:1   | Killed a royal mummy
 86598 | Tomb:1   | Noticed a royal mummy
 86607 | Tomb:1   | Killed a royal mummy
 86893 | Tomb:1   | Corrupted Tomb:1
 86893 | Tomb:1   | Noticed a royal mummy
 86912 | Tomb:1   | Killed a royal mummy
 87034 | Tomb:1   | Noticed a royal mummy
 87034 | Tomb:1   | Noticed a royal mummy
 87043 | Tomb:1   | Killed a royal mummy
 87046 | Tomb:1   | Killed a royal mummy
 87111 | Tomb:1   | Noticed a royal mummy
 87118 | Tomb:1   | Killed a royal mummy
 87128 | Tomb:1   | Noticed a royal mummy
 87129 | Tomb:1   | Killed a royal mummy
 87172 | Tomb:1   | Noticed a royal mummy
 87174 | Tomb:1   | Killed a royal mummy
 87186 | Tomb:1   | Noticed a royal mummy
 87191 | Tomb:1   | Killed a royal mummy
 87255 | Tomb:1   | Noticed a royal mummy
 87258 | Tomb:1   | Killed a royal mummy
 87270 | Tomb:1   | Noticed a royal mummy
 87282 | Tomb:1   | Killed a royal mummy
 87352 | Tomb:1   | Noticed a royal mummy
 87358 | Tomb:1   | Killed a royal mummy
 87395 | Tomb:1   | Noticed a royal mummy
 87400 | Tomb:1   | Killed a royal mummy
 87400 | Tomb:1   | Noticed a royal mummy
 87411 | Tomb:1   | Killed a royal mummy
 87412 | Tomb:1   | Noticed a royal mummy
 87414 | Tomb:1   | Noticed a royal mummy
 87457 | Tomb:1   | Killed a royal mummy
 87465 | Tomb:1   | Killed a royal mummy
 87568 | Tomb:1   | Noticed a royal mummy
 87583 | Tomb:1   | Killed a royal mummy
 87664 | Tomb:1   | Noticed a royal mummy
 87668 | Tomb:1   | Killed a royal mummy
 87761 | Tomb:1   | Noticed a royal mummy
 87772 | Tomb:1   | Killed a royal mummy
 87773 | Tomb:1   | Noticed a royal mummy
 87838 | Tomb:1   | Noticed a royal mummy
 87838 | Tomb:1   | Noticed a royal mummy
 87841 | Tomb:1   | Killed a royal mummy
 87848 | Tomb:1   | Killed a royal mummy
 87857 | Tomb:1   | Killed a royal mummy
 87859 | Tomb:1   | Noticed a royal mummy
 88064 | Tomb:1   | Noticed a royal mummy
 88070 | Tomb:1   | Killed a royal mummy
 88073 | Tomb:1   | Killed a royal mummy
 88153 | Tomb:1   | Noticed a royal mummy
 88159 | Tomb:1   | Killed a royal mummy
 88159 | Tomb:1   | Noticed a royal mummy
 88161 | Tomb:1   | Noticed a royal mummy
 88163 | Tomb:1   | Killed a royal mummy
 88171 | Tomb:1   | Killed a royal mummy
 88454 | Tomb:2   | Noticed a royal mummy
 88455 | Tomb:2   | Noticed a royal mummy
 88456 | Tomb:2   | Noticed a royal mummy
 88945 | Tomb:3   | Entered Level 3 of the Tomb of the Ancients
 88953 | Tomb:3   | Found the ring of the Hare {EV+10}
 88984 | Tomb:3   | Noticed a royal mummy
 88988 | Tomb:3   | Noticed a royal mummy
 88991 | Tomb:3   | Killed a royal mummy
 88997 | Tomb:3   | Killed a royal mummy
 89215 | Tomb:3   | Noticed a royal mummy
 89218 | Tomb:3   | Noticed a royal mummy
 89220 | Tomb:3   | Noticed a royal mummy
 89229 | Tomb:3   | Killed a royal mummy
 89230 | Tomb:3   | Killed a royal mummy
 89395 | Tomb:3   | Reached skill level 27 in Dodging
 89414 | Tomb:3   | Noticed a royal mummy
 89414 | Tomb:3   | Noticed a royal mummy
 89421 | Tomb:3   | Identified the amulet "Jesio" {Faith rCorr Str-2 Int+3
                  | Dex+7}
 89600 | Tomb:3   | Noticed a royal mummy
 89601 | Tomb:3   | Killed a royal mummy
 89746 | Tomb:3   | Killed a royal mummy
 89755 | Tomb:3   | Killed a royal mummy
 89779 | Tomb:3   | Killed a royal mummy
 89783 | Tomb:3   | Noticed a royal mummy
 89794 | Tomb:3   | Killed a royal mummy
 90180 | Tomb:3   | Identified the ring "Ruco" {rPois rF++ AC+4 Str-2 Stlth+}
 90201 | Tomb:3   | Identified the +5 great sword of True Grit {venom, rElec}
 90220 | Tomb:3   | Identified the +4 helmet "Laliciqo" {Dex+3}
 90345 | Tomb:3   | Got a golden rune of Zot
 90980 | Zot:5    | Noticed a dread lich
 90983 | Zot:5    | Killed a dread lich
 90986 | Zot:5    | Noticed a Killer Klown
 90992 | Zot:5    | Noticed an ancient lich
 90994 | Zot:5    | Noticed a Killer Klown
 90996 | Zot:5    | Killed an ancient lich
 90996 | Zot:5    | Noticed an orb of fire
 90997 | Zot:5    | Killed a Killer Klown
 90999 | Zot:5    | Noticed an orb of fire
 91005 | Zot:5    | Killed an orb of fire
 91009 | Zot:5    | Noticed an ancient lich
 91013 | Zot:5    | Noticed an ancient lich
 91014 | Zot:5    | Killed an orb of fire
 91016 | Zot:5    | Killed a Killer Klown
 91024 | Zot:5    | Killed an ancient lich
 91030 | Zot:5    | Killed an ancient lich
 91045 | Zot:5    | Noticed an ancient lich
 91047 | Zot:5    | Noticed a Killer Klown
 91050 | Zot:5    | Reached skill level 27 in Hexes
 91050 | Zot:5    | Killed a Killer Klown
 91051 | Zot:5    | Killed an ancient lich
 91052 | Zot:5    | Noticed a Killer Klown
 91052 | Zot:5    | Noticed a Killer Klown
 91060 | Zot:5    | Killed a Killer Klown
 91060 | Zot:5    | Killed a Killer Klown
 91060 | Zot:5    | Noticed a dread lich
 91062 | Zot:5    | Killed a dread lich
 91209 | Zot:5    | Noticed a Killer Klown
 91221 | Zot:5    | Killed a Killer Klown
 91305 | Zot:5    | Noticed a Killer Klown
 91308 | Zot:5    | Killed a Killer Klown
 91333 | Zot:5    | Noticed an orb of fire
 91333 | Zot:5    | Lost mutation: You are dopey. (Int -2) [an orb of fire]
 91338 | Zot:5    | Killed an orb of fire
 91680 | Zot:5    | Got the Orb of Zot
 92340 | D:$      | Escaped with the Orb!

Illustrated notes

Levels and vault maps discovered:
D:1:      nzn_arrival_depleted_hourglass, layout_rooms, minmay_tripent
D:2:      layout_basic, basic_altar, serial_park_tiny_1, uniq_jessica
D:3:      layout_loops_ring, slow_altar_1, overflow_temple_1_default,
          kennysheep_generic_room_8, uniq_ijyb
D:4:      layout_layer_cave, eat_drink_and_be_merry_uskayaw, tso_metal_star,
          lightli_sewer_entry_pipes
D:5:      layout_rooms, nicolae_shop_gadgets
D:6:      layout_basic, cheibrodos_ashenzari_chains,
          minmay_temple_entry_large_hall, serial_undead, serial_undead_f,
          serial_undead_e, serial_undead_d, serial_undead_b, abandoned_shop,
          minmay_mini_ossuary, uniq_sigmund
D:7:      layout_gridville, makhleb_altar_promises_db,
          yredelemnul_altar_generic, uniq_duvessa, uniq_maggie
D:8:      layout_rooms, dpeg_oklobed_lair
D:9:      layout_stronghold, lemuel_round_altar, serial_shops, shop
D:10:     minmay_statue_hallways, layout_loops_ring,
          gammafunk_temple_overflow_pools, david_orc_5,
          ebering_ghost_rock_garden
D:11:     layout_loops_ring, hangedman_abyss_or_decor_passed
D:12:     layout_irregular_city, beargit_hepliaklqana_dungeon_heroes
D:13:     layout_irregular_city, serial_shops, shop,
          chequers_serial_rivers_large_b, uniq_kirke
D:14:     layout_loops_ring, hangedman_vaults_entry_quadrant_bands,
          kennysheep_two_boxes, uniq_louise, uniq_roxanne, uniq_jorgrun
D:15:     grunt_enter_depths_hoard, layout_loops_ring, serial_shops,
          nicolae_shop_statue_plus, nicolae_shop_tiny_statue_garden,
          serial_park_paths [serial_park_minivault_5x5_3]
Lair:1:   layout_cave_pods
Lair:2:   layout_cave_shapes, minivault_23, nicolae_quartered_pool_medium,
          roderic_batcave, beast_lair_carwin_1, infiniplex_staircase_pool
Lair:3:   layout_cave_shapes, swamp_mist, spider_nest_entry_web_field,
          pf_torpor_hydra, uniq_amaemon
Lair:4:   layout_gridlike, slime_entry_2, portal_ice_cave_entry_ice_simulacra,
          nicolae_volcano_entry_two_sided
Lair:5:   evil_forest, layout_regular_city, lemuel_fruit_tree,
          grunt_megastairs_3
Swamp:1:  layout_basic_swamp, nicolae_swamp_round_clearing
Swamp:2:  layout_basic_swamp, nicolae_swamp_tree_isthmus, swamp_pool5,
          cheibrodos_swamp_witchery
Swamp:3:  layout_basic_swamp, nicolae_swamp_ascending_descending_big
Swamp:4:  swamp_icy, layout_basic_swamp
Spider:1: layout_cave_pods, beargit_elvish_explorers, uniq_frances, uniq_aizul
Spider:2: spiders_nest_scorpion_pit, uniq_mlioglotl
Spider:3: nicolae_spider_hall_of_the_moth_king
Spider:4: spider_rune_water
Slime:1:  layout_caves
Slime:2:  nicolae_slime_jelly_donut, layout_caves
Slime:3:  layout_caves, dissolution_awaits
Slime:4:  layout_caves, basic_altar
Slime:5:  slime_pit_nicolae_trefoil
Orc:1:    layout_caves, serial_shops, shop
Orc:2:    st_orc_ogre_mass, layout_diamond_mine, uniq_donald, uniq_josephine
Elf:1:    eino_elf_arrival_sip, layout_loops_corners, serial_shops,
          nicolae_shop_getting_attention, evilmike_minifort, grunt_megastairs_5
Elf:2:    nicolae_elf_blades_splatter_lattice [nicolae_blade_bullseye],
          layout_rooms, portal_desolation_entry_ruin, grunt_ministairs_8
Elf:3:    minmay_elf_hall, layout_onion_city, basic_altar, feat_on_display
Vaults:1: nicolae_vaults_mini_display_case, nicolae_vaults_house_3,
          hangedman_vaults_capsules, nicolae_vaults_offset_grid_hallway_2,
          nicolae_vaults_circle_grid_b, nicolae_vaults_display_case,
          v_alt_pattern_2, dpeg_vaults_monster_box,
          nicolae_vaults_network_quinsquares
          [nicolae_vaults_network_quincunx_subvault,
          nicolae_vaults_network_quincunx_subvault,
          nicolae_vaults_network_quincunx_subvault,
          nicolae_vaults_network_quincunx_subvault],
          nicolae_vaults_twisting_passages, nicolae_vaults_trapezoid_1,
          layout_vaults_chaotic_city, serial_shops, shop, uniq_nikola
Vaults:2: nicolae_vaults_antechamber_and_loot_room,
          nicolae_vaults_cornered_office, v_misc_12,
          minmay_crypt_entry_nasty_monster, nicolae_vaults_storage_closets_2,
          nicolae_vaults_apartment_2, vaults_room_stairs_pillars,
          nicolae_vaults_network_square, nicolae_vaults_rhombus_5,
          nicolae_vaults_mitosis, nicolae_vaults_stepped_doors,
          vaults_room_door_ring, nicolae_vaults_double_plus_1,
          nicolae_vaults_diamond_2, nicolae_vaults_trapezoid_2,
          layout_vaults_omnicross
Vaults:3: nicolae_vaults_closet_pinwheel_3,
          nicolae_vaults_windows_and_doors_thing, vaults_dpeg_emergency_exit,
          nicolae_vaults_sesquioval_fish, nicolae_vaults_prndl, v_pattern_3,
          v_alt_pattern_6, nicolae_vaults_trapezoid_lopsided_3,
          ontoclasm_vaults_shuriken, nicolae_vaults_variable_pillar_hall,
          nicolae_vaults_tetromino_T_1, layout_vaults_maze, uniq_mennas
Vaults:4: nicolae_vaults_frosty_reception, v_misc_27, vaults_standard_mumra_x,
          nicolae_vaults_trapezoid_lopsided_4, nicolae_vaults_sightless_eye,
          nicolae_vaults_angled_halls, ontoclasm_vaults_loading_screen,
          st_diamondy, v_misc_33, layout_vaults_omnigrid
Vaults:5: serial_shops
Crypt:1:  layout_catacombs, minmay_misc_feat_cross, uniq_josephina
Crypt:2:  layout_regular_city
Crypt:3:  grunt_crypt_end_deaths_head
Tomb:1
Tomb:2
Tomb:3
Depths:1: grunt_house_of_mirrors, layout_gridville, enter_ziggurat_b,
          hangedman_tar_grid_catacomb, okawaru_ov_weapons_minmay
Depths:2: minmay_tearing_corner, layout_twisted_cross,
          marbit_kobold_abyss_entry, minmay_strange_pillars, hell_entry,
          rand_demon_pan_entry_3, kennysheep_boxes, minmay_shop_grove
Depths:3: minmay_inner_zag, layout_gridlike, pf_coc_iceberg,
          abyss_entry_crystal, infiniplex_staircase_diamond, firewood_loft,
          grunt_megastairs_2, uniq_margery, uniq_enchantress
Depths:4: evilmike_zot_entry_gauntlet, layout_cave_pools, serial_shops,
          bzr_entry_water, old_standard_altar, grunt_hell_entry_dis_old,
          rand_demon_pan_entry_5
Hell
Dis:1:    layout_gridville, nrook_loot_triangle
Dis:2:    layout_gridville
Dis:4:    layout_regular_city, nicolae_dis_bowling_alley
Dis:5:    nicolae_dis_array, layout_regular_city
Dis:6:    layout_subdivisions
Dis:7:    dis_st
Geh:1:    layout_gehenna_lava_caves
Geh:2:    layout_gehenna_pools_triple
Geh:3:    layout_gehenna_pools_triple, nicolae_geh_lava_in_the_way
Geh:4:    layout_gehenna_pools_triple, nicolae_hells_hurtin_island
Geh:5:    nicolae_geh_erupted_tower, layout_gehenna_lava_caves
Geh:6:    layout_gehenna_lava_caves
Geh:7:    geh_hangedman
Coc:1:    layout_cocytus_water_paths
Coc:2:    layout_cocytus_delve
Coc:3:    layout_cocytus_delve
Coc:4:    layout_cocytus_delve
Coc:5:    layout_ice_bergs
Coc:6:    layout_ice_bergs
Coc:7:    coc_mu
Tar:1:    nicolae_tar_fractal_crypt, layout_cathedral_of_symmetry
Tar:2:    layout_grid_maze, nicolae_tar_cuneiform_sun
Tar:3:    nicolae_tar_tart_auras, layout_cathedral_of_symmetry
Tar:4:    layout_honeycomb, nicolae_tar_grid_combs
Tar:5:    layout_grid_maze, nicolae_tar_cuneiform_city,
          nicolae_tar_cuneiform_water
Tar:6:    layout_cathedral_of_symmetry, nicolae_tar_cuneiform_three,
          nicolae_tar_combstack
Tar:7:    tar_mu [tar_mu_maze]
Zot:1:    layout_gridlike, st_stairs_9, grunt_megastairs_1
Zot:2:    layout_onion, st_single_dragon_hoard_1
Zot:3:    layout_onion, uniq_tiamat
Zot:4:    layout_onion_interference
Zot:5:    layout_cellular_growth, hangedman_zot_decor_tridents,
          hangedman_zot_decor_checkerboard

Skill      XL: |  1  2  3  4  5  6  7  8  9 10 11 12 13 14 15 16 17 18 19 20 21 22 23 24 25 26 27 |
---------------+----------------------------------------------------------------------------------+-----
Unarmed Combat | 3 4 5 6 7 10 11 12 13 14 16 17 20 21 23 24 27 | 27.0
Shapeshifting  | 3 4 5 7 9 11 13 15 16 18 19 27 | 27.0
Fighting       | 3 4 6 7 8 10 11 12 14 15 19 20 21 22 27 | 27.0
Dodging        | 5 6 8 10 12 27 | 27.0
Evocations     | 8 10 12 | 12.0
Spellcasting   | 5 22 | 22.1
Conjurations   | 5 22 | 22.1
Hexes          | 5 27 | 27.0
Summonings     | 5 22 | 22.1
Necromancy     | 5 22 | 22.1
Translocations | 5 22 | 22.1
Transmutations | 5 22 | 22.1
Fire Magic     | 5 22 | 22.1
Ice Magic      | 5 22 | 22.1
Air Magic      | 5 22 | 22.1
Earth Magic    | 5 22 | 22.1
Poison Magic   | 5 22 | 22.1
Invocations    | 12 | 12.0

Action                     |  1- 3 |  4- 6 |  7- 9 | 10-12 | 13-15 | 16-18 | 19-21 | 22-24 | 25-27 || total
---------------------------+-------+-------+-------+-------+-------+-------+-------+-------+-------++-------
  Melee: Unarmed           |    51 |   196 |   280 |   498 |   708 |   351 |   933 |  1254 |  6226 || 10497
         Punch             |       |     8 |    15 |    27 |    21 |    28 |   120 |   192 |   338 ||   749
         Constrict         |       |       |       |    24 |    91 |       |       |       |       ||   115
         Tailslap          |       |       |       |       |       |       |       |       |   153 ||   153
         Bite              |       |       |       |       |       |       |       |       |   112 ||   112
   Cast: Manifold Assault  |       |       |       |       |       |       |       |       |  3403 ||  3403
         Simulacrum        |       |       |       |       |       |       |       |       |     1 ||     1
 Invoke: Berserk           |       |       |    10 |    16 |    19 |     2 |     5 |     9 |     4 ||    65
         Trog's Hand       |       |       |       |       |     5 |     1 |       |     8 |     3 ||    17
         Brothers in Arms  |       |       |       |       |     3 |       |       |       |       ||     3
         Corrupt           |       |       |       |       |       |       |       |       |     4 ||     4
         Enter the Abyss   |       |       |       |       |       |       |       |       |     1 ||     1
Ability: Begin Untransform |       |       |       |       |       |       |       |       |     3 ||     3
         Blinkbolt         |       |       |       |       |       |       |       |       |    29 ||    29
  Evoke: Wand              |       |       |       |     1 |     2 |     2 |     8 |    18 |    28 ||    59
         Phial of floods   |       |       |       |       |       |     1 |     1 |       |       ||     2
         Phantom mirror    |       |       |       |       |       |       |     1 |     1 |     1 ||     3
    Use: Scroll            |       |     3 |     6 |     4 |     4 |     1 |    11 |     9 |    38 ||    76
         Potion            |       |       |       |       |       |     2 |    12 |     5 |    61 ||    80
   Stab: Sleeping          |       |       |     1 |       |       |       |     1 |     1 |     3 ||     6
         Distracted        |       |       |       |       |     1 |       |       |     1 |     5 ||     7
         Paralysed         |       |       |       |       |       |       |     5 |     1 |       ||     6
         Invisible         |       |       |       |       |       |       |       |       |    19 ||    19
 Armour: Animal skin       |     2 |       |       |       |       |       |       |       |       ||     2
         Plate armour      |    28 |    52 |       |       |       |       |       |       |       ||    80
         Leather armour    |       |    39 |    96 |    46 |     1 |       |       |       |       ||   182
         Skin              |       |       |       |    18 |   290 |   243 |   812 |   860 |   555 ||  2778
  Dodge: Dodged            |    10 |    89 |   156 |   183 |   377 |   310 |   946 |  1170 |  2284 ||  5525
  Block: Other             |       |       |       |    73 |   122 |   103 |   263 |   247 |       ||   808
         Reflection        |       |       |       |     2 |     4 |    10 |     4 |    30 |       ||    50
   Form: Anaconda          |       |       |       |     1 |     1 |       |       |       |       ||     2
         Beast             |       |       |       |       |     1 |       |       |       |       ||     1
         Statue            |       |       |       |       |     1 |       |       |       |       ||     1
         Dragon            |       |       |       |       |       |       |       |       |     2 ||     2
         Storm             |       |       |       |       |       |       |       |       |     3 ||     3

Table legend: (Time is in decaauts)
 A = Elapsed time spent in this place.
 B = Non-inter-level travel time spent in this place.
 C = Inter-level travel time spent in this place.
 D = Time resting spent in this place.
 E = Time spent auto-exploring this place.
 F = Levels seen in this place.
 G = Mean time per level.
                   A        B        C        D        E       F      G
               +--------+--------+--------+--------+--------+-----+--------+
         Total | 100906 |  90223 |  10683 |  19064 |  48277 | 110 |  917.3 |
       Dungeon |  20883 |  17593 |   3290 |   2883 |  11200 |  15 | 1392.2 |
          Lair |   9479 |   8291 |   1188 |   2712 |   4093 |   5 | 1895.8 |
         Swamp |   4279 |   3827 |    452 |    480 |   2220 |   4 | 1069.8 |
   Spider Nest |   6795 |   6398 |    397 |   1070 |   3837 |   4 | 1698.8 |
    Slime Pits |   2204 |   2149 |     55 |    449 |   1152 |   5 |  440.8 |
  Orcish Mines |   2422 |   1858 |    564 |    185 |   1282 |   2 | 1211.0 |
   Elven Halls |   4767 |   4411 |    356 |    228 |   2890 |   3 | 1589.0 |
        Vaults |  12555 |  11694 |    861 |   2262 |   6772 |   5 | 2511.0 |
         Crypt |   3760 |   3361 |    399 |    180 |   2580 |   3 | 1253.3 |
          Tomb |   4592 |   3992 |    600 |   1693 |   1310 |   3 | 1530.7 |
        Depths |   6944 |   5799 |   1145 |   1594 |   3025 |   4 | 1736.0 |
          Hell |    608 |    424 |    184 |      0 |    288 |   1 |  608.0 |
           Dis |   1304 |   1151 |    153 |    491 |    197 |   6 |  217.3 |
       Gehenna |   2244 |   2158 |     86 |    766 |    675 |   7 |  320.6 |
       Cocytus |   1960 |   1809 |    151 |    817 |    181 |   7 |  280.0 |
      Tartarus |   3121 |   2872 |    249 |    515 |   1507 |   7 |  445.9 |
           Zot |   4646 |   4099 |    547 |    592 |   2687 |   5 |  929.2 |
         Abyss |    957 |    957 |      0 |    223 |    315 |   7 |  136.7 |
   Pandemonium |   4641 |   4641 |      0 |   1025 |   1445 |  13 |  357.0 |
        Bazaar |     79 |     79 |      0 |      0 |     56 |   1 |   79.0 |
         Sewer |    390 |    390 |      0 |    162 |    107 |   1 |  390.0 |
       Volcano |    593 |    593 |      0 |    336 |    111 |   1 |  593.0 |
    Desolation |   1674 |   1674 |      0 |    396 |    345 |   1 | 1674.0 |
               +--------+--------+--------+--------+--------+-----+--------+

Top non-repeatable levels by time:
  Tomb:1: 3108 daAuts
Vaults:1: 3095 daAuts
Vaults:2: 2967 daAuts
  Lair:4: 2624 daAuts
Vaults:5: 2499 daAuts
Spider:1: 2448 daAuts
  Lair:5: 2427 daAuts
    D:14: 2374 daAuts
Vaults:4: 2229 daAuts
Depths:3: 2033 daAuts
    D:10: 2004 daAuts
   Elf:1: 1928 daAuts
     D:6: 1871 daAuts
     D:8: 1829 daAuts
Vaults:3: 1763 daAuts
